 Dungeon Crawl Stone Soup version 0.13.0-18-g7b03ea5 (webtiles) character file.

573 Malachi the Chiller (level 6, -4/41 HPs)
             Began as a Mummy Ice Elementalist on Oct 22, 2013.
             Was an Initiate of Sif Muna.
             Slain by an ogre
             ... wielding a +2,+0 great mace of crushing
              (8 damage)
             ... on Level 4 of the Dungeon.
             The game lasted 00:10:52 (7364 turns).

Malachi the Chiller (Mummy Ice Elementalist)        Turns: 7364, Time: 00:10:52

HP  -4/41        AC  2     Str 11      XL: 6   Next: 62%
MP   0/9         EV 12     Int 16      God: Sif Muna [......]
Gold 152         SH  0     Dex 12      Spells:  3 memorised,  0 levels left

Res.Fire  : x . .   See Invis. : .   k - -1 orc mace
Res.Cold  : + . .   Warding    : .   g - +0 robe
Life Prot.: + + +   Conserve   : .   (no shield)
Res.Poison: +       Res.Corr.  : .   (no helmet)
Res.Elec. : .       Clarity    : .   (no cloak)
Sust.Abil.: . .     Spirit.Shd : .   (no gloves)
Res.Mut.  : .       Stasis     : .   (no boots)
Res.Rott. : +       Flight     : .   (no amulet)
Saprovore : . . .                    d - ring of wizardry
                                     (no ring)

@: somewhat resistant to hostile enchantments, unstealthy
A: no food or potions, fire vulnerability, restore body, cold resistance 1, life
protection 3, poison resistance, torment resistance, unbreathing
a: Renounce Religion


You were on level 4 of the Dungeon.
You worshipped Sif Muna.
Sif Muna was noncommittal.
You were not hungry.

You visited 2 branches of the dungeon, and saw 5 of its levels.

You collected 132 gold pieces.

Inventory:

Hand weapons
 c - a +0,+1 dwarven mace
 k - a -1,-1 orcish mace (weapon)
Armour
 a - a +0 robe
 g - a +0 robe (worn)
Magical devices
 j - a wand of magic darts (8)
Scrolls
 e - a scroll of remove curse
 h - 2 scrolls of identify
Jewellery
 d - a ring of wizardry (right hand)
 i - a cursed amulet of guardian spirit
 l - an uncursed ring of teleportation
Books
 b - a book of Frost

   Spells                             Type                      Level
   *Freeze                            Ice                          1
   *Throw Frost                       Conjuration/Ice              2
   Ozocubu's Armour                   Charms/Ice                   3
   *Throw Icicle                      Conjuration/Ice              4
   Summon Ice Beast                   Ice/Summoning                4
   Condensation Shield                Ice                          4


   Skills:
 - Level 0.2 Maces & Flails
 - Level 1.5 Dodging
 - Level 1.5 Stealth
 - Level 1.0 Spellcasting
 - Level 0.7 Conjurations
 * Level 6.2 Ice Magic


You couldn't memorise any spells.
You knew the following spells:

 Your Spells              Type           Power        Failure   Level  Hunger
a - Freeze                Ice            ###.         1%          1    N/A
b - Throw Frost           Conj/Ice       ##....       3%          2    N/A
c - Throw Icicle          Conj/Ice       ##......     30%         4    N/A

Dungeon Overview and Level Annotations

Branches:
Dungeon (4/27)             Temple (1/1) D:4

Altars:
Ashenzari
Elyvilon
Fedhas
Makhleb
Nemelex Xobeh
Okawaru
Sif Muna
Trog
Vehumet
Xom
Zin
the Shining One


Innate Abilities, Weirdness & Mutations

You do not eat or drink.
Your flesh is vulnerable to fire.
Your flesh is cold resistant.
You are immune to negative energy.
Your system is resistant to poisons.
You are immune to unholy pain and torment.
You can survive without breathing.


Message History

Aim: an ogre, wielding a runed great mace (heavily wounded)
You freeze the ogre.
The ogre is heavily wounded.
Casting: Freeze
Confirm with . or Enter, or press ? or * to list all spells.
Aiming: Freeze
Press: ? - help, Shift-Dir - straight line, f/p - ogre
Aim: an ogre, wielding a runed great mace (heavily wounded)
You freeze the ogre.
The ogre is severely wounded.
The ogre barely misses you.
Casting: Freeze
Confirm with . or Enter, or press ? or * to list all spells.
Aiming: Freeze
Press: ? - help, Shift-Dir - straight line, f/p - ogre
Aim: an ogre, wielding a runed great mace (severely wounded)
You freeze the ogre.
The ogre is almost dead.
The ogre hits you with a runed great mace!
You die...

.######.P ♣.#♣...♣.♣P.♣♣#.# .#
#..♣P♣♣..♣..P♣.♣♣♣♣♣..# ##
#..P♣♣♣.#♣..♣♣#######.#
#####....♣.,#♣.♣♣♣* #<#
........P.,*#♣P.♣♣* #.#
####.....####♣♣.♣#* #.#
♣...#.8.#........# #.#
####.....<######.# #.# ♣*
#8.>.8## #@# #.# ## #.....# #O#
#.# ** ##.8%#### #.# #.# **
###....# #.########.## * ####.#
#.........#.# #*
#.#####..#######.## #
######...%..(....# ###
***#....)..####..##.###
*#....##)##....#.......###******


You could see an ogre.

Vanquished Creatures
  Sigmund (D:2)
  2 orc priests (D:3)
  2 iguanas (D:4)
  4 gnolls (D:3)
  6 adders
  2 giant mites (D:3)
  4 worms
  4 giant geckos
  An ooze (D:2)
  13 orcs
  13 bats
  2 giant cockroaches (D:1)
  6 hobgoblins
  4 jackals (D:3)
  11 kobolds
  A quokka (D:4)
  4 training dummies (D:2)
  4 giant newts
  8 goblins
  A quokka skeleton (D:4)
  5 rats
98 creatures vanquished.

Notes
Turn   | Place    | Note
--------------------------------------------------------------
     0 | D:1      | Malachi, the Mummy Ice Elementalist, began the quest for the Orb.
     0 | D:1      | Reached XP level 1. HP: 13/13 MP: 3/3
   648 | D:1      | Reached XP level 2. HP: 19/19 MP: 2/4
   840 | D:1      | Reached skill level 3 in Ice Magic
  1820 | D:2      | Reached XP level 3. HP: 17/24 MP: 1/5
  1962 | D:2      | Found an iron altar of Okawaru.
  1995 | D:2      | Learned a level 2 spell: Throw Frost
  2155 | D:2      | Noticed Sigmund
  2167 | D:2      | Killed Sigmund
  2167 | D:2      | Reached skill level 4 in Ice Magic
  2167 | D:2      | Reached XP level 4. HP: 3/30 MP: 0/7
  2682 | D:2      | Found a sparkling altar of Nemelex Xobeh.
  3017 | D:2      | Reached XP level 5. HP: 35/35 MP: 6/8
  3650 | D:3      | Found a shattered altar of Ashenzari.
  3743 | D:3      | Reached skill level 5 in Ice Magic
  4206 | D:3      | Found a radiant altar of Vehumet.
  4960 | D:3      | Reached XP level 6. HP: 22/41 MP: 0/9
  5928 | D:4      | Found a white marble altar of Elyvilon.
  6253 | D:4      | Reached skill level 6 in Ice Magic
  6308 | D:4      | Found a staircase to the Ecumenical Temple.
  6327 | Temple   | Entered the Ecumenical Temple
  6473 | Temple   | Became a worshipper of Sif Muna the Loreminder
  6694 | Temple   | Learned a level 4 spell: Throw Icicle
  7364 | D:4      | Slain by an ogre

Action                   |  1- 3 |  4- 6 || total
-------------------------+-------+-------++-------
Melee: Mace              |    17 |    34 ||    51
 Cast: Freeze            |    49 |   137 ||   186
       Throw Frost       |       |    10 ||    10
       Throw Icicle      |       |     2 ||     2
Evoke: Wand              |       |     7 ||     7
  Use: Scroll            |     4 |     7 ||    11
